 Dungeon Crawl Stone Soup version 0.29-a0-520-gc852659d43 (webtiles) character file.

Game seed: 5772469709497030336

1 Lekart the Skirmisher (level 1, -13/19 HPs)
             Began as a Draconian Chaos Knight on May 31, 2022.
             Was a Plaything of Xom.
             Mangled by an ettin (glowing shapeshifter) (32 damage)
             ... on level 1 of the Dungeon.
             The game lasted 00:00:09 (28 turns).

Lekart the Skirmisher (Draconian Chaos Knight)        Turns: 28, Time: 00:00:10

Health: -13/19     AC:  4    Str: 14    XL:     1   Next: 16%
Magic:  1/1        EV: 12    Int: 12    God:    Xom [..*...]
Gold:   19         SH:  0    Dex: 10    Spells: 0/0 levels left

rFire   . . .      SeeInvis .   a - +0 falchion (chaos)
rCold   . . .      Faith    .   (no shield)
rNeg    . . .      Spirit   .   (body armour unavailable)
rPois   .          Reflect  .   (helmet restricted)
rElec   .          Harm     .   (no cloak)
rCorr   .          Rampage  .   (no gloves)
Will    .....                   (no boots)
Stlth   +.........              (no amulet)
HPRegen 0.06/turn               (no ring)
MPRegen 0.07/turn               (no ring)

@: no status effects
A: AC +4, unfitting armour, cold-blooded
a: Renounce Religion


You were on level 1 of the Dungeon.
You worshipped Xom.
You were a toy of Xom.
You visited 1 branch of the dungeon, and saw 1 of its levels.

You collected 19 gold pieces.

Inventory:

Hand Weapons
 a - a +0 falchion of chaos (weapon)
Miscellaneous
 b - a piece from Xom's chessboard (15/15) (quivered)


   Skills:
 * Level 3.3 Fighting
 + Level 3.0 Long Blades
 + Level 2.1 Dodging


You couldn't memorise any spells.
You didn't know any spells.
Your spell library was empty.

Dungeon Overview and Level Annotations

Branches:
Dungeon (1/15)

Altars:


Innate Abilities, Weirdness & Mutations

Your plain brown scales are hard. (AC +4)
You cannot fit into any form of body armour.
You are cold-blooded and may be slowed by cold attacks.


Message History

No target in view!
You now have 8 gold pieces.
Found a spear.
No target in view!
You now have 19 gold pieces (gained 11).
A hobgoblin comes into view.
A hobgoblin is nearby!
A hobgoblin is nearby!
A hobgoblin is nearby!
The hobgoblin barely misses you.
You hit the hobgoblin.
Lightning courses through the hobgoblin!
You kill the hobgoblin!
No target in view!
No target in view!
A bat and a ball python come into view.
The ball python hisses angrily.
The ball python bites you but does no damage.
The ball python closely misses you.
There are monsters nearby!
There are monsters nearby!
You hit the bat.
The bat changes into a glowing shapeshifter!
Xom is highly amused!
You tail-slap the glowing shapeshifter.
The glowing shapeshifter is lightly wounded.
The glowing shapeshifter changes into an anaconda!
The ball python barely misses you. The ball python misses you.
There are monsters nearby!
You closely miss the anaconda.
Your tail-slap misses the anaconda.
The anaconda changes into an ettin!
The ball python closely misses you. The ball python grabs you.
The ball python constricts you.
There are monsters nearby!
You hit the ball python.
The ball python seems to slow down.
You freeze the ball python.
You kill the ball python!
The ettin hits you!!
Ouch! That really hurt!
You die...
Xom chortles!

..≈≈≈≈≈≈≈... .≈.≈≈≈P≈P..
. ..≈≈≈≈≈....#. #.≈
≈≈≈≈≈≈≈...#.. ###.≈
P≈≈≈≈≈≈..##.# #..≈.
≈≈≈≈≈≈... ..# ####.≈..
≈≈≈≈≈≈C.# #.# ##.......
≈≈≈≈≈P.@###.####..≈≈≈§≈.
P≈≈≈≈............≈.....)
≈≈≈≈....######..≈....§<.
≈≈≈≈≈...# ##..≈..§§.≈
≈≈≈≈....# ##..≈≈.§..
≈≈≈≈..#.# ####....§..
≈≈≈≈..#.# #..........§..
≈≈≈..##.# #.#####.##..≈.
≈.≈. .. #.###..≈


You could see an ettin shaped shifter.

Vanquished Creatures
  A hobgoblin (D:1)
  A ball python (D:1)
2 creatures vanquished.

Notes
Turn   | Place    | Note
-------+----------+-------------------------------------------
     0 | D:1      | Lekart the Draconian Chaos Knight began the quest for the
                  | Orb.
     0 | D:1      | Reached XP level 1. HP: 19/19 MP: 1/1
    26 | D:1      | Noticed a glowing shapeshifter
    26 | D:1      | a bat changed into a glowing shapeshifter
    26 | D:1      | Noticed an anaconda
    26 | D:1      | a glowing shapeshifter changed into an anaconda
    27 | D:1      | Noticed an ettin
    27 | D:1      | an anaconda changed into an ettin
    28 | D:1      | Mangled by an ettin (glowing shapeshifter)

Illustrated notes

Levels and vault maps discovered:
D:1:      ebering_trefoil_3fold, layout_loops_ring, chequers_big_river

Action                   || total
-------------------------++-------
Melee: Falchion          ||     4
       Tailslap          ||     1
Armor: Skin              ||     1
Dodge: Dodged            ||     5

Table legend: (Time is in decaauts)
 A = Elapsed time spent in this place.
 B = Non-inter-level travel time spent in this place.
 C = Inter-level travel time spent in this place.
 D = Time resting spent in this place.
 E = Time spent auto-exploring this place.
 F = Levels seen in this place.
 G = Mean time per level.
                   A        B        C        D        E       F      G
               +--------+--------+--------+--------+--------+-----+--------+
         Total |     28 |     28 |      0 |      0 |     17 |   1 |   28.0 |
       Dungeon |     28 |     28 |      0 |      0 |     17 |   1 |   28.0 |
               +--------+--------+--------+--------+--------+-----+--------+

Top non-repeatable levels by time:
     D:1: 28 daAuts
